cohdb
Replays
Latest Replays
All Replays
Popular Replays
Top Player Replays
Match Explorer
How It Works
Community
CoH3 Stats
Reddit
Sign in to upload your games and track your stats! →
Sign in with Steam
Match 45758208
Unlisted
Match 45758208
Overview
Messages
Build Orders
End
Construct Barracks
Selects Special Operations Battlegroup
Selects M29 Weasel Recon Vehicle
Riflemen Squad
Riflemen Squad
Air Support Center
Selects Smoke Screen
M1 Mortar Team
Construct Weapon Support Center
Smoke Screen
M3 Armored Personnel Carrier
P-47 Strafing Run
Construct Medical Station
M1918 Browning Automatic Rifles
P-47 Strafing Run
Selects SSF Commando Squad
SSF Commando Squad
SSF Commando Squad
Smoke Screen
Engineer Squad
Selects Mark Vehicle
Selects UNKNOWN (2162291)
Construct Tank Depot
P-47 Strafing Run
M4A1 Sherman Whizbang
P-47 Strafing Run
M4A1 Sherman Whizbang
P-47 Dive Bomb
Selects Assault Operation
M18 Hellcat Tank Destroyer
Grasshopper Recon Run
Grasshopper Recon Run
Improved Aircraft Armor
Air Supply
M18 Hellcat Tank Destroyer
Grasshopper Recon Run
M4A1 Sherman Whizbang
twylly
Hallek
7k this year for sure
UH|dun! ツ
UH|ck
UH|XTC
0
0
Comments
sign in to comment!
No comments posted yet!